 Dungeon Crawl Stone Soup version 0.29.1-14-g9c671dbff4 (webtiles) character file.

Game seed: 9522935661275575683

1280 ChiefBigBeans the Scholar of Death (level 8, -4/68 HPs)
             Began as a Ghoul Necromancer on Feb 13, 2023.
             Was a Follower of Kikubaaqudgha.
             Slain by an orc warrior
             ... wielding a +0 mace
              (16 damage)
             ... on level 6 of the Dungeon.
             The game lasted 00:31:56 (8063 turns).

ChiefBigBeans the Scholar of Death (GhNe)           Turns: 8063, Time: 00:31:56

Health: -4/68      AC: 10    Str: 12    XL:     8   Next: 54%
Magic:  13/13      EV: 12    Int: 12    God:    Kikubaaqudgha [*.....]
Gold:   207        SH:  0    Dex: 15    Spells: 7/15 levels left

rFire   . . .      SeeInvis .     - Unarmed
rCold   + . .      Faith    .   (no shield)
rNeg    + + +      Spirit   .   s - +2 robe
rPois   ∞          Reflect  .   (no helmet)
rElec   .          Harm     .   d - +2 cloak
rCorr   .          Rampage  .   e - +2 pair of gloves
Will    .....                   (no boots)
Stlth   ++........              l - amulet of magic regeneration
HPRegen 0.00/turn               n - +6 ring of dexterity
MPRegen 0.53/turn               (no ring)

@: inhibited regen
A: claws 1, cold resistance 1, negative energy resistance 3, inhibited
regeneration, torment resistance 2, devour on kill
a: Renounce Religion, Unearth Wretches


You were on level 6 of the Dungeon.
You worshipped Kikubaaqudgha.
Kikubaaqudgha was aware of your devotion.
You visited 1 branch of the dungeon, and saw 6 of its levels.

You collected 351 gold pieces.
You spent 144 gold pieces at shops.

Inventory:

Hand Weapons
 h - a +2 dagger of protection
 m - a +3 short sword of freezing
Armour
 a - a +0 robe
 c - a +0 chain mail
 d - a +2 cloak (worn)
 e - a +2 pair of gloves (worn)
 s - a +2 robe (worn)
Jewellery
 l - an amulet of magic regeneration (around neck)
 n - a +6 ring of dexterity (left hand)
 u - an amulet of guardian spirit
Wands
 j - a wand of mindburst (20)
 q - a wand of flame (15)
Scrolls
 g - a scroll of teleportation
 k - 6 scrolls of identify
 o - a scroll of vulnerability {unknown}
 p - a scroll of noise
 r - 2 scrolls of poison
 v - 2 scrolls of enchant armour
Potions
 b - a potion of magic
 f - a potion of flight {unknown}
 i - a potion of attraction
 z - 2 potions of curing


   Skills:
 + Level 5.2 Fighting
 - Level 1.7 Dodging
 - Level 2.1 Stealth
 + Level 5.3 Unarmed Combat
 + Level 4.4 Spellcasting
 + Level 6.4 Necromancy


You had 7 spell levels left.
You knew the following spells:

 Your Spells              Type           Power      Damage    Failure   Level
a - Necrotise             Necr           72%        1d7       1%          1
b - Vampiric Draining     Necr           18%        2d7       4%          3
c - Animate Dead          Necr           18%        N/A       14%         4

Your spell library contained the following spells:

 Spells                   Type           Power      Damage    Failure   Level
 Agony                    Necr           18%        N/A       38%         5
 Anguish                  Hex/Necr       5%         N/A       50%         4
 Ozocubu's Armour         Ice            2%         N/A       54%         3
 Metabolic Englaciation   Hex/Ice        1%         N/A       99%         5
 Summon Forest            Summ/Tloc      1%         N/A       99%         5
 Summon Mana Viper        Hex/Summ       2%         N/A       99%         5
 Simulacrum               Ice/Necr       5%         N/A       100%        6
 Summon Cactus Giant      Summ           1%         N/A       100%        6


Dungeon Overview and Level Annotations

Branches:
Dungeon (6/15)             Temple (0/1) D:5

Altars:
Dithmenos
Kikubaaqudgha
Makhleb

Shops:
D:1 [   D:4 ?   D:5 !


Innate Abilities, Weirdness & Mutations

You are immune to poison.
You have sharp fingernails.
Your flesh is cold resistant. (rC+)
You are immune to negative energy. (rN+++)
You do not regenerate when monsters are visible.
You are immune to unholy pain and torment.
You thrive by killing the living.


Message History

The puff of flame hits you.
You closely miss something.
You hear some strange, mumbled words.
A puff of flame appears from out of thin air!
The puff of flame hits you.
You closely miss something. Something hits you.
You closely miss something.
The orc warrior hits you with a +0 mace!
* * * LOW HITPOINT WARNING * * *
You hit the orc warrior but do no damage.
An orc wizard appears from thin air!
Reactivating autopickup.
The orc wizard hits you but does no damage.
The orc warrior hits you but does no damage.
You completely miss the orc warrior. The orc wizard completely misses you.
The orc warrior hits you but does no damage.
You hit the orc warrior.
The orc warrior is lightly wounded.
The orc wizard hits you but does no damage.
The orc warrior barely misses you.
You hit the orc warrior but do no damage.
You punch the orc warrior.
The orc warrior is moderately wounded.
The orc wizard hits you but does no damage.
The orc warrior barely misses you.
You hit the orc warrior but do no damage.
The orc warrior is moderately wounded.
The orc wizard closely misses you.
The orc warrior hits you but does no damage.
You closely miss the orc warrior.
The orc warrior is moderately wounded.
The orc wizard hits you but does no damage.
The orc warrior hits you with a +0 mace.
* * * LOW HITPOINT WARNING * * *
You barely miss the orc warrior.
The orc warrior is moderately wounded.
The orc wizard closely misses you.
The orc warrior hits you with a +0 mace!
You die...
Kikubaaqudgha rasps: "You have failed me!
Welcome... oblivion!"

........#
........#
........#
........#
........#
#######)# ##.# #
#.#######))##..#
#.#...o@o.^....#
#.#.####..####....
#.#.####.### ..
#.#........#
#...†.......
#...######.#
####...# .#
+....#.# .#
###..#.#


You could see an orc warrior and an orc wizard.

Vanquished Creatures
  Grinder (D:5)
  A water moccasin (D:4)
  An ice beast (D:5)
  A black bear (D:6)
  A sky beast (D:4)
  A phantom (D:6)
  A bullfrog (D:6)
  3 necrophages
  3 orc priests
  4 hounds
  An iguana (D:5)
  2 orc wizards
  4 gnolls (D:5)
  3 adders
  An ufetubus (D:6)
  A worm (D:2)
  12 orcs
  4 bats
  10 endoplasms
  3 giant cockroaches
  6 goblins
  9 hobgoblins
  A jackal (D:4)
  6 quokkas
  8 ball pythons
  5 frilled lizards
  6 kobolds
  7 rats
106 creatures vanquished.

Vanquished Creatures (collateral kills)
  An endoplasm (D:4)
  A goblin (D:1)
  2 hobgoblins
4 creatures vanquished.

Vanquished Creatures (others)
  An orc (D:4)
1 creature vanquished.

Grand Total: 111 creatures vanquished

Notes
Turn   | Place    | Note
-------+----------+-------------------------------------------
     0 | D:1      | ChiefBigBeans the Ghoul Necromancer began the quest for the
                  | Orb.
     0 | D:1      | Reached XP level 1. HP: 14/14 MP: 2/2
   191 | D:1      | Reached XP level 2. HP: 4/22 MP: 0/3
   495 | D:1      | Found Koskiobe's Antique Armour Emporium.
   836 | D:1      | Reached skill level 1 in Fighting
   836 | D:1      | Reached skill level 1 in Unarmed Combat
  1187 | D:1      | Reached XP level 3. HP: 28/28 MP: 3/5
  2019 | D:1      | Bought a runed robe for 88 gold pieces
  2403 | D:2      | Learned a level 3 spell: Vampiric Draining
  2482 | D:2      | Reached XP level 4. HP: 25/35 MP: 6/6
  2900 | D:3      | Found an ancient bone altar of Kikubaaqudgha.
  2910 | D:3      | Became a worshipper of Kikubaaqudgha
  3221 | D:3      | Found a shadowy altar of Dithmenos.
  3758 | D:4      | Found a burning altar of Makhleb.
  3842 | D:4      | Noticed a water moccasin
  3869 | D:4      | Killed a water moccasin
  3870 | D:4      | Reached XP level 5. HP: 10/42 MP: 5/8
  4272 | D:4      | Found Boingocroo's Magic Scroll Shop.
  4289 | D:4      | Bought a scroll of identify for 28 gold pieces
  4289 | D:4      | Bought a scroll of identify for 28 gold pieces
  4493 | D:4      | Reached * piety under Kikubaaqudgha
  4493 | D:4      | Received a gift from Kikubaaqudgha
  4567 | D:4      | Reached XP level 6. HP: 40/50 MP: 9/9
  4717 | D:4      | Reached skill level 5 in Necromancy
  5036 | D:5      | Entered Level 5 of the Dungeon
  5075 | D:5      | Found a staircase to the Ecumenical Temple.
  5100 | D:5      | Found Vipessom's Distillery.
  5611 | D:5      | Noticed an ice beast
  5614 | D:5      | Noticed Grinder
  5618 | D:5      | Paralysed by Grinder for 5 turns
  5629 | D:5      | Paralysed by Grinder for 4 turns
  5712 | D:5      | Killed an ice beast
  5828 | D:5      | Reached XP level 7. HP: 43/57 MP: 9/11
  6204 | D:5      | Paralysed by Grinder for 2 turns
  6232 | D:5      | Paralysed by Grinder for 2 turns
  6246 | D:5      | Killed Grinder
  6451 | D:5      | Learned a level 4 spell: Animate Dead
  6880 | D:5      | Identified the +5 dagger "Dragon's Tongue" {vorpal, *Rage
                  | rPois rN+ SInv}
  7086 | D:5      | Reached XP level 8. HP: 62/67 MP: 12/12
  7111 | D:5      | Reached skill level 6 in Necromancy
  7766 | D:6      | Reached skill level 5 in Unarmed Combat
  7849 | D:6      | Reached skill level 5 in Fighting
  8063 | D:6      | Slain by an orc warrior

Illustrated notes

Levels and vault maps discovered:
D:1:      dpeg_arrival_stonehenge_12_columns, layout_loops_ring, serial_shops,
          shop, serial_co_window_serial, co_window_paths_b, co_window_corner_a,
          co_window_paths_a, co_window_paths_a, co_window_corner_a,
          co_window_corner_a, co_window_of_opportunity_a, co_window_corner_a,
          co_window_cross_1, co_window_paths_c, co_window_corner_b,
          co_window_broadway_a, co_window_paths_e, glass_columns_a,
          glass_columns_c, glass_columns_b
D:2:      layout_basic
D:3:      layout_loops_ring, mainiacjoe_overflow_six_doors_small,
          grunt_dithmenos_smoke_and_mirrors, serial_glass, glass_columns_c,
          glass_columns_a, glass_columns_a, glass_columns_a, glass_columns_b,
          glass_columns_b, glass_columns_c, glass_columns_b,
          grunt_decor_arrowhead
D:4:      layout_basic, mainiacjoe_overflow_small_starburst,
          chequers_serial_rivers_marsh, kennysheep_path_1,
          kennysheep_small_square
D:5:      layout_basic, minmay_temple_entry_junction, serial_shops,
          nicolae_shop_hallway_plus, grunt_ministairs_4, uniq_grinder
D:6:      layout_basic, old_standard_altar, led_sif_book, uniq_pikel

Skill      XL: |  1  2  3  4  5  6  7  8 |
---------------+-------------------------+-----
Spellcasting   | 2 3 4 |  4.4
Fighting       | 1 2 3 4 5 |  5.2
Unarmed Combat | 1 2 3 4 5 |  5.3
Necromancy     | 5 6 |  6.4
Dodging        | |  1.7
Stealth        | |  2.1

Action                   |  1- 3 |  4- 6 |  7- 9 || total
-------------------------+-------+-------+-------++-------
Melee: Unarmed           |    82 |   164 |   257 ||   503
       Punch             |     1 |     2 |     8 ||    11
 Cast: Necrotise         |    42 |    42 |    16 ||   100
Invok: Unearth Wretches  |       |     1 |       ||     1
  Use: Scroll            |       |    13 |     2 ||    15
       Potion            |       |     8 |       ||     8
 Stab: Sleeping          |     1 |     3 |       ||     4
       Paralysed         |       |     2 |       ||     2
Armor: Robe              |    39 |    63 |   140 ||   242
Dodge: Dodged            |    98 |   101 |   138 ||   337
